 Dungeon Crawl Stone Soup version 0.25.1-1-g288607f (webtiles) character file.

Game seed: 12608848616480606527

523 RonnieColeman the Conjurer (level 7, -3/46 HPs)
             Began as an Octopode Conjurer on Sept 15, 2020.
             Slain by Grinder (5 damage)
             ... on level 4 of the Dungeon.
             The game lasted 00:06:51 (4016 turns).

RonnieColeman the Conjurer (Octopode Conjurer)      Turns: 4016, Time: 00:06:52

Health: -3/46      AC:  1    Str:  7    XL:     7   Next: 22%
Magic:  8/14       EV: 13    Int: 19    God:
Gold:   264        SH:  0    Dex: 13    Spells: 13/16 levels left

rFire    . . .     SeeInvis .   h - +3 short sword (protect)
rCold    + . .     Gourm    .   (no shield)
rNeg     . . .     Faith    .   (helmet restricted)
rPois    .         Spirit   .   (no amulet)
rElec    .         Reflect  .   g - ring of protection from cold
rCorr    .         Harm     .   n - ring of flight
MR       .....                  (no ring)
Stlth    +++.......             (no ring)
HPRegen  0.15/turn              (no ring)
MPRegen  0.14/turn              (no ring)
                                (no ring)
                                (no ring)

@: very slightly contaminated
A: almost no armour, stealthy swim, amphibious, 8 rings, constrict 8, camouflage
1, gelatinous body 1
a: Evoke Flight


You were on level 4 of the Dungeon.
You were not hungry.

You visited 1 branch of the dungeon, and saw 4 of its levels.

You collected 264 gold pieces.

Inventory:

Hand Weapons
 c - a +0 dagger
 h - a +3 short sword of protection (weapon)
Jewellery
 g - a ring of protection from cold (left tentacle)
 n - a ring of flight (right tentacle)
Wands
 o - a wand of enslavement (6)
Scrolls
 d - 4 scrolls of identify
 f - a scroll of random uselessness {unknown}
 i - 2 scrolls of remove curse
 m - 2 scrolls of magic mapping {unknown}
Potions
 a - 2 potions of stabbing
 e - 2 potions of brilliance
 j - 3 potions of curing
 k - a potion of lignification
 l - a potion of heal wounds
 p - 2 potions of might
Comestibles
 b - 6 rations
 q - 8 chunks of flesh


   Skills:
 + Level 3.4 Fighting
 - Level 2.0 Dodging
 - Level 2.6 Stealth
 * Level 5.1 Spellcasting
 + Level 5.4 Conjurations


You had 13 spell levels left.
You knew the following spells:

 Your Spells              Type           Power        Failure   Level  Hunger
a - Magic Dart            Conj           ####         1%          1    None
b - Searing Ray           Conj           ####..       1%          2    #......

Your spell library contained the following spells:

 Spells                   Type           Power        Failure   Level  Hunger
 Beastly Appendage        Tmut           #.....       12%         1    None
 Dazzling Flash           Conj/Hex       ###...       12%         3    ##.....
 Sticks to Snakes         Tmut           #.......     19%         2    #......
 Spider Form              Tmut/Pois      #.........   36%         3    ##.....
 Fulminant Prism          Conj/Hex       ###.......   36%         4    ####...
 Iskenderun's Mystic Bla  Conj/Tloc      ###.....     36%         4    ####...
 Ice Form                 Ice/Tmut       #.......     77%         4    ####...
 Blade Hands              Tmut           #.........   98%         5    ######.


Dungeon Overview and Level Annotations

Branches:
Dungeon (4/15)
 Temple: D:4-7

Altars:
Ashenzari
Dithmenos
Gozag
Qazlal

Annotations:
D:4 Grinder


Innate Abilities, Weirdness & Mutations

You cannot wear most types of armour.
You are very stealthy in the water. (Stealth+)
You are amphibious.
You can wear up to eight rings at the same time.
You can use your tentacles to constrict eight enemies at once.
Your skin changes colour to match your surroundings (Stealth+).
Your rubbery body absorbs attacks. (AC +1, EV +1)


Message History

Press: ? - help, Shift-Dir - straight line, f/p - Grinder
Aim: Grinder The searing ray misses Grinder. (Press . to maintain the ray.) Grinder misses you.
The searing ray hits Grinder!
Grinder is lightly wounded.
Grinder hits you!
You writhe in agony.
* * * LOW HITPOINT WARNING * * *
The searing ray hits Grinder!
Grinder is moderately wounded.
Grinder barely misses you.
The searing ray hits Grinder.
Grinder is heavily wounded.
You finish channeling your searing ray.
Grinder says, "You look like you could use a good racking."
Grinder hits you!
* * * LOW HITPOINT WARNING * * *
You writhe in agony.
You die...

#.# ##.###### #.#
#.# #
##.########.# #.
#...........#
#.#..#.##########
#... ##.##
##..####.##
#..$5.###.#
#.##@##.##
#?...#.##
###...## #..##
#..# #..## ....#
.#...# ###...####


You could see Grinder.

Vanquished Creatures
  A phantom (D:4)
  An ogre (D:4)
  A howler monkey (D:3)
  An orc priest (D:4)
  A hound (D:4)
  An iguana (D:4)
  2 gnolls (D:4)
  11 adders
  An ooze (D:3)
  An adder skeleton (D:2)
  2 worms (D:2)
  3 dart slugs
  15 orcs
  A ball python (D:2)
  5 giant cockroaches
  6 goblins
  6 hobgoblins
  8 jackals
  A quokka (D:2)
  7 bats
  4 frilled lizards
  4 kobolds
  5 rats
88 creatures vanquished.

Notes
Turn   | Place    | Note
-------+----------+-------------------------------------------
     0 | D:1      | RonnieColeman the Octopode Conjurer began the quest for the
                  | Orb.
     0 | D:1      | Reached XP level 1. HP: 11/11 MP: 3/3
   137 | D:1      | Reached XP level 2. HP: 13/18 MP: 0/5
   905 | D:2      | Reached skill level 1 in Fighting
   912 | D:2      | Reached XP level 3. HP: 23/23 MP: 0/6
   924 | D:2      | Learned a level 2 spell: Searing Ray
  1190 | D:2      | Found a stormy altar of Qazlal.
  1456 | D:2      | Reached XP level 4. HP: 15/28 MP: 8/8
  2107 | D:2      | Found an opulent altar of Gozag.
  2117 | D:2      | Found a shadowy altar of Dithmenos.
  2599 | D:3      | Found a faded altar of an unknown god.
  2625 | D:3      | Found a shattered altar of Ashenzari.
  2649 | D:3      | Reached XP level 5. HP: 22/34 MP: 2/10
  3436 | D:3      | Reached XP level 6. HP: 41/41 MP: 3/12
  3537 | D:4      | Reached skill level 5 in Conjurations
  3749 | D:4      | Noticed a phantom
  3759 | D:4      | Killed a phantom
  3759 | D:4      | Reached skill level 5 in Spellcasting
  3759 | D:4      | Reached XP level 7. HP: 46/46 MP: 5/14
  4003 | D:4      | Noticed Grinder
  4009 | D:4      | Paralysed by Grinder for 4 turns
  4016 | D:4      | HP: 2/46 [Grinder (8)]
  4016 | D:4      | Slain by Grinder

Illustrated notes

Levels and vault maps discovered:
D:1:      nagdon_arrival_double_spiral, layout_rooms,
          chequers_serial_rivers_micro_d
D:2:      layout_loops_ring, nicolae_gozag_cash_rules_everything_around_me,
          nicolae_overflow_crystal_walls, serial_forest,
          infiniplex_forest_zigzag_2, infiniplex_forest_side_room,
          infiniplex_forest_lined_room_, infiniplex_forest_clump_tiny,
          infiniplex_forest_clump_long, infiniplex_forest_clump_long,
          nicolae_dithmenos_through_a_glass_darkly
D:3:      layout_rooms, nicolae_ashenzari_panopticon,
          chequers_ecumenical_altar_island, hangedman_decor_clover_reticule
D:4:      layout_loops_ring, first_ration, ebering_ghost_gozag,
          wad_floor_pattern_untrapped, uniq_grinder

Skill      XL: |  1  2  3  4  5  6 |
---------------+-------------------+-----
Fighting       | 1 2 3 |  3.4
Spellcasting   | 3 4 5 |  5.1
Conjurations   | 5 |  5.4
Dodging        | |  2.0
Stealth        | |  2.6

Action                   |  1- 3 |  4- 6 |  7- 9 || total
-------------------------+-------+-------+-------++-------
Melee: Constrict         |    15 |    20 |       ||    35
       Tentacles         |     9 |    10 |       ||    19
       Unarmed           |     3 |       |       ||     3
       Dagger            |    58 |    27 |       ||    85
       Short sword       |       |    54 |     1 ||    55
 Cast: Magic Dart        |    21 |    23 |     6 ||    50
       Searing Ray       |     2 |     9 |     4 ||    15
  Use: Scroll            |       |     9 |       ||     9
 Stab: Sleeping          |     6 |     7 |       ||    13
  Eat: Chunk             |     2 |     7 |     1 ||    10
Armor: Skin              |     4 |    20 |     2 ||    26
Dodge: Dodged            |    40 |    78 |     6 ||   124
